 Dungeon Crawl Stone Soup version 0.30.0-17-ge0270778cf (webtiles) character file.

Game seed: 13388326407338937620

75 mn3067 the Twirler (level 4, -3/26 HPs)
             Began as a Gargoyle Gladiator on May 21, 2023.
             Slain by Sigmund
             ... wielding a +0 scythe
              (7 damage)
             ... on level 2 of the Dungeon.
             The game lasted 00:01:33 (980 turns).

mn3067 the Twirler (Gargoyle Gladiator)              Turns: 980, Time: 00:01:33

Health: -3/26      AC:  9    Str: 20    XL:     4   Next: 31%
Magic:  4/4        EV: 11    Int:  8    God:
Gold:   104        SH:  0    Dex: 11    Spells: 3/3 levels left

rFire   . . .        a - +0 quarterstaff
rCold   . . .        (shield currently unavailable)
rNeg    + . .        j - +0 ring mail
rPois   ∞            c - +0 helmet
rElec   +            (no cloak)
rCorr   .            (no gloves)
SInv    .            (no boots)
Will    .....        (no amulet)
Stlth   +            (no ring)
HPRegen 0.24/turn    (no ring)
MPRegen 0.09/turn

%: no passive effects
@: no status effects
A: sickness immunity, AC +3, negative energy resistance 1, electricity
resistance, torment resistance 1, petrification resistance
a: no special abilities


You were on level 2 of the Dungeon.
You visited 1 branch of the dungeon, and saw 2 of its levels.

You collected 104 gold pieces.

Inventory:

Hand Weapons
 a - a +0 quarterstaff (weapon)
Missiles
 d - 3 throwing nets (quivered)
 e - a javelin
Armour
 b - a +0 leather armour
 c - a +0 helmet (worn)
 j - a +0 ring mail (worn)
Jewellery
 m - a ring of wizardry
Scrolls
 f - 2 scrolls of identify {unknown}
 h - 5 scrolls of magic mapping {unknown}
 k - 4 scrolls of teleportation {unknown}
 l - a scroll of amnesia {unknown}
Potions
 g - 2 potions of brilliance {unknown}
 i - 2 potions of mutation {unknown}
 n - a potion of degeneration {unknown}


   Skills:
 - Level 2.1 Fighting
 + Level 5.0 Staves
 - Level 1.7 Throwing
 - Level 2.4 Dodging


You had 3 spell levels left.
You didn't know any spells.
Your spell library contained the following spells:

 Spells                   Type           Power      Damage    Failure   Level
 Call Canine Familiar     Summ           0%         N/A       92%         3
 Portal Projectile        Hex/Tloc       0%         N/A       92%         3
 Leda's Liquefaction      Hex/Erth       0%         N/A       100%        4


Dungeon Overview and Level Annotations

Branches:
Dungeon (2/15)

Altars:
Cheibriados

Annotations:
D:2 Sigmund


Innate Abilities, Weirdness & Mutations

You are immune to sickness and miasma.
Your stone body is resilient. (AC +3)
You are immune to poison.
You resist negative energy. (rN+)
You are resistant to electric shocks. (rElec)
You are resistant to unholy torment.
You are immune to petrification.


Message History

You hit the jackal.
You kill the jackal!
The jackal bites you but does no damage.
You hit the jackal.
The jackal is heavily wounded.
The jackal closely misses you. The jackal bites you.
You closely miss the jackal.
The jackal is heavily wounded.
The jackal bites you.
You closely miss the jackal.
The jackal is heavily wounded.
The jackal bites you but does no damage.
Sigmund giggles. "Time to reap what you sow."
Sigmund hits you but does no damage.
You sock the jackal!
You kill the jackal!
The jackal closely misses you.
You barely miss the jackal.
Sigmund casts a spell.
Sigmund flickers and vanishes!
Deactivating autopickup; reactivate with Ctrl-A.
The jackal closely misses you. The jackal attacks as you move away!
The jackal closely misses you. The jackal misses you.
You closely miss the jackal.
The jackal bites you but does no damage.
Something hits you.
You hit the jackal but do no damage. The jackal bites you.
The jackal closely misses you.
You hit the jackal.
The jackal is moderately wounded.
The jackal bites you but does no damage.
Something hits you!
You sock the jackal!
You kill the jackal!
Something hits you!
* * * LOW HITPOINT WARNING * * *
You see here a jackal corpse.
You closely miss something. Something hits you!
You die...

#.÷#############..#.
÷...................###
........########.# ...##
...........)...#.###.(.#
_........#####....##h..#
# ...........
###...h#..###.####
........####
#†##...........#
........#
#{####..$.......
........# #@#
#.......... ........#
#.# #.......... ........
#.................
.#....
#.......#.........
######
.........#......... #
###.......##........
##########........


There were no monsters in sight!

Vanquished Creatures
  3 adders (D:2)
  2 worms (D:2)
  2 dart slugs (D:1)
  3 endoplasms
  A giant cockroach (D:1)
  3 goblins
  3 hobgoblins
  7 jackals
  A quokka (D:2)
  3 ball pythons (D:1)
  2 bats (D:2)
  2 frilled lizards (D:1)
  4 kobolds
  2 rats
38 creatures vanquished.

Notes
Turn   | Place    | Note
-------+----------+-------------------------------------------
     0 | D:1      | mn3067 the Gargoyle Gladiator began the quest for the Orb.
     0 | D:1      | Reached XP level 1. HP: 12/12 MP: 1/1
    43 | D:1      | Reached XP level 2. HP: 16/17 MP: 2/2
   159 | D:1      | Found a faded altar of an unknown god.
   174 | D:1      | Reached skill level 4 in Staves
   246 | D:1      | Reached XP level 3. HP: 21/21 MP: 3/3
   662 | D:2      | Found a snail-covered altar of Cheibriados.
   705 | D:2      | Reached XP level 4. HP: 24/26 MP: 4/4
   942 | D:2      | Reached skill level 5 in Staves
   957 | D:2      | Noticed Sigmund
   980 | D:2      | Slain by Sigmund

Illustrated notes

Levels and vault maps discovered:
D:1:      psy_arrival_terrarium, layout_rooms, basic_ecumenical_altar,
          minmay_misc_feat_chi, minmay_cut_off
D:2:      layout_rooms, basic_altar, uniq_sigmund, uniq_crazy_yiuf_cottage

Skill      XL: |  1  2  3  4 |
---------------+-------------+-----
Staves         | 4 5 |  5.0
Fighting       | |  2.1
Throwing       | |  1.7
Dodging        | |  2.4

Action                     |  1- 3 |  4- 6 || total
---------------------------+-------+-------++-------
  Melee: Quarterstaff      |    80 |    24 ||   104
   Stab: Sleeping          |     1 |       ||     1
 Armour: Leather armour    |    15 |       ||    15
         Ring mail         |    18 |     9 ||    27
  Dodge: Dodged            |    46 |    13 ||    59
